 Dungeon Crawl Stone Soup version 0.29-a0-648-g6b26cc9f40 (webtiles) character file.

Game seed: 5992320880323294120

3166 YayAnonymity the Grappler (level 9, -2/72 HPs)
             Began as a Ghoul Monk on June 20, 2022.
             Was a Believer of Makhleb.
             Slain by a two-headed ogre
             ... wielding a +0 giant spiked club
              (16 damage)
             ... on level 8 of the Dungeon on June 21, 2022.
             The game lasted 00:13:57 (8632 turns).

YayAnonymity the Grappler (Ghoul Monk)              Turns: 8632, Time: 00:13:57

Health: -2/72      AC: 15    Str: 17    XL:     9   Next: 94%
Magic:  9/9        EV:  8    Int:  7    God:    Makhleb [**....]
Gold:   409        SH:  0    Dex: 11    Spells: 8/8 levels left

rFire   + . .      SeeInvis +     - Unarmed
rCold   + . .      Faith    .   (no shield)
rNeg    + + +      Spirit   .   c - +0 chain mail
rPois   ∞          Reflect  .   i - +0 helmet
rElec   .          Harm     .   w - +1 cloak
rCorr   .          Rampage  .   (no gloves)
Will    .....                   l - +1 pair of boots
Stlth   ..........              (no amulet)
HPRegen 0.00/turn               v - ring of protection from fire
MPRegen 0.11/turn               z - ring of see invisible

@: inhibited regen
A: claws 1, cold resistance 1, negative energy resistance 3, inhibited
regeneration, torment resistance 2, devour on kill
a: Renounce Religion, Minor Destruction


You were on level 8 of the Dungeon.
You worshipped Makhleb.
Makhleb was pleased with you.
You visited 2 branches of the dungeon, and saw 9 of its levels.

You collected 409 gold pieces.

Inventory:

Hand Weapons
 x - a +2 antimagic dagger
 D - a +3 quarterstaff of venom
 E - a +5 short sword
Missiles
 n - a throwing net
 p - 4 javelins
 t - 5 poisoned darts (quivered)
Armour
 c - a +0 chain mail (worn)
 i - a +0 helmet (worn)
 l - a +1 pair of boots (worn)
 w - a +1 cloak (worn)
Jewellery
 v - a ring of protection from fire (left claw)
 z - a ring of see invisible (right claw)
 C - an amulet of the acrobat
Wands
 B - a wand of quicksilver (8)
Scrolls
 f - 3 scrolls of teleportation
 g - 2 scrolls of identify
 h - a scroll of enchant weapon
 m - a scroll of enchant armour
 s - 2 scrolls of torment
Potions
 a - 2 potions of resistance
 b - 4 potions of ambrosia
 d - 3 potions of brilliance
 e - 2 potions of might {unknown}
 j - 5 potions of curing
 k - a potion of haste {unknown}
 o - 2 potions of flight
 q - a potion of magic {unknown}
 r - 3 potions of heal wounds
 u - a potion of degeneration {unknown}
 A - 3 potions of invisibility {unknown}


   Skills:
 + Level 4.4 Fighting
 + Level 5.2 Armour
 - Level 5.0 Dodging
 - Level 2.1 Stealth
 * Level 12.2 Unarmed Combat
 + Level 1.6 Invocations


You had 8 spell levels left.
You didn't know any spells.
Your spell library contained the following spells:

 Spells                   Type           Power      Damage    Failure   Level
 Fireball                 Conj/Fire      0%         3d3       100%        5
 Starburst                Conj/Fire      0%         6d3       100%        6
 Ignition                 Fire           0%         3d3       100%        8


Dungeon Overview and Level Annotations

Branches:
Dungeon (8/15)             Temple (1/1) D:7
   Lair: D:8-11

Altars:
Ashenzari
Cheibriados
Dithmenos
Elyvilon
Fedhas
Gozag
Hepliaklqana
Kikubaaqudgha
Makhleb
Nemelex Xobeh
Okawaru
Qazlal
Ru
Sif Muna
Trog
Uskayaw
Vehumet
Wu Jian
Xom
Zin
The Shining One


Innate Abilities, Weirdness & Mutations

You are immune to poison.
You have sharp fingernails.
Your flesh is cold resistant. (rC+)
You are immune to negative energy. (rN+++)
You do not regenerate when monsters are visible.
You are immune to unholy pain and torment.
You thrive by killing the living.


Message History

The poisoned dart hits the two-headed ogre.
The two-headed ogre is poisoned.
Throw: 8 darts (poison)
Press: ? - help, Q - select action, (/) - cycle Shift-Dir - straight line, f/p - two-headed ogre
Aim: a two-headed ogre, wielding two +0 giant spiked clubs (lightly wounded, poisoned, 73% to hit)
You throw a poisoned dart.
The poisoned dart hits the two-headed ogre.
The two-headed ogre looks even sicker.
The two-headed ogre is lightly wounded.
Okay, then.
Throw: 7 darts (poison)
Press: ? - help, Q - select action, (/) - cycle Shift-Dir - straight line, f/p - two-headed ogre
Aim: a two-headed ogre, wielding two +0 giant spiked clubs (lightly wounded, very poisoned, 73% to hit)
You throw a poisoned dart.
The poisoned dart barely misses the two-headed ogre.
Throw: 6 darts (poison)
Press: ? - help, Q - select action, (/) - cycle Shift-Dir - straight line, f/p - two-headed ogre
Aim: a two-headed ogre, wielding two +0 giant spiked clubs (lightly wounded, very poisoned, 73% to hit)
You throw a poisoned dart.
The poisoned dart hits the two-headed ogre.
The two-headed ogre is lightly wounded.
You claw the two-headed ogre!
The two-headed ogre is lightly wounded.
The two-headed ogre closely misses you.
The two-headed ogre hits you with a +0 giant spiked club!!
You claw the two-headed ogre!
The two-headed ogre is moderately wounded.
You scratch the two-headed ogre but do no damage.
You claw the two-headed ogre!
The two-headed ogre is severely wounded.
The two-headed ogre hits you with a +0 giant spiked club!
The two-headed ogre hits you but does no damage.
You scratch the two-headed ogre.
The two-headed ogre is severely wounded.
You scratch the two-headed ogre.
The two-headed ogre is severely wounded.
The two-headed ogre hits you with a +0 giant spiked club!!
* * * LOW HITPOINT WARNING * * *
The two-headed ogre hits you with a +0 giant spiked club!
You die...

#..##### ####
#...... ...#
#...... ...# #.....
...# #..... ...# .
#...# ..#####
..###...####.[.....
..(....(O@.).......
...(.(...[)).......
...................
..##########.$.##..
. ...# # ....#
....# ....# ....#


You could see a two-headed ogre (poisoned).

Vanquished Creatures
  Maggie (D:6)
  Grinder (D:4)
  2 steam dragons
  Menkaure (D:4)
  2 black bears
  An orc warrior (D:6)
  2 ice beasts (D:6)
  2 phantoms
  Blork the orc (D:6)
  A bullfrog (D:6)
  3 necrophages
  A gnoll sergeant (D:5)
  2 scorpions
  4 wights (D:8)
  3 killer bees
  A howler monkey (D:8)
  3 hounds
  2 orc priests (D:6)
  2 jellies
  Crazy Yiuf (D:4)
  Natasha (thrice) (D:2)
  6 iguanas
  5 orc wizards
  Robin (D:2)
  7 adders
  3 gnolls
  2 white imps (D:6)
  An ufetubus (D:5)
  2 worms
  3 dart slugs
  19 orcs
  A ball python (D:1)
  5 endoplasms
  A giant cockroach (D:1)
  13 goblins
  11 hobgoblins
  2 jackals (D:4)
  8 kobolds
  6 quokkas
  5 bats
  A frilled lizard (D:2)
  4 rats
145 creatures vanquished.

Vanquished Creatures (others)
  5 fungi (D:4)
  2 plants (D:4)
7 creatures vanquished.

Grand Total: 152 creatures vanquished

Notes
Turn   | Place    | Note
-------+----------+-------------------------------------------
     0 | D:1      | YayAnonymity the Ghoul Monk began the quest for the Orb.
     0 | D:1      | Reached XP level 1. HP: 19/19 MP: 0/0
   141 | D:1      | Reached XP level 2. HP: 26/26 MP: 1/1
   991 | D:2      | Reached XP level 3. HP: 20/31 MP: 2/2
  1104 | D:2      | Noticed Natasha
  1109 | D:2      | Killed Natasha
  1110 | D:2      | Reached skill level 1 in Armour
  1110 | D:2      | Reached skill level 4 in Unarmed Combat
  1258 | D:2      | Found a faded altar of an unknown god.
  1297 | D:2      | Reached XP level 4. HP: 40/40 MP: 3/3
  1369 | D:2      | Noticed Robin
  1400 | D:2      | Killed Robin
  1560 | D:2      | Found a radiant altar of Vehumet.
  1569 | D:2      | Noticed Natasha
  1588 | D:2      | Killed Natasha
  1614 | D:2      | Reached XP level 5. HP: 32/46 MP: 4/4
  1747 | D:2      | Noticed Natasha
  1756 | D:2      | Killed Natasha
  2480 | D:3      | Found a hazy altar of Hepliaklqana.
  3189 | D:4      | Noticed Menkaure
  3208 | D:3      | Reached skill level 5 in Unarmed Combat
  3289 | D:4      | Noticed a black bear
  3300 | D:4      | Killed a black bear
  3301 | D:4      | Reached XP level 6. HP: 51/52 MP: 5/5
  3599 | D:4      | Noticed Grinder
  3629 | D:4      | Paralysed by Grinder for 2 turns
  3641 | D:4      | Paralysed by Grinder for 2 turns
  3661 | D:4      | Killed Grinder
  3662 | D:4      | Reached skill level 6 in Unarmed Combat
  3662 | D:4      | Reached XP level 7. HP: 41/59 MP: 6/6
  4190 | D:4      | Killed Menkaure
  4557 | D:4      | Found a runed translucent door.
  4558 | D:4      | Noticed Crazy Yiuf
  4567 | D:4      | Killed Crazy Yiuf
  4568 | D:4      | Reached skill level 7 in Unarmed Combat
  4664 | D:5      | Entered Level 5 of the Dungeon
  4744 | D:5      | Reached XP level 8. HP: 64/66 MP: 7/7
  5253 | D:5      | Found an ornate altar of the Wu Jian Council.
  5307 | D:5      | Reached skill level 5 in Dodging
  5369 | D:5      | Reached skill level 8 in Unarmed Combat
  5600 | D:6      | Found an ancient bone altar of Kikubaaqudgha.
  6096 | D:6      | Reached skill level 9 in Unarmed Combat
  6248 | D:6      | Found an iron altar of Okawaru.
  6252 | D:6      | Reached skill level 5 in Armour
  6307 | D:6      | Reached XP level 9. HP: 66/71 MP: 8/8
  6336 | D:6      | Reached skill level 10 in Unarmed Combat
  6447 | D:6      | Noticed Blork the orc
  6456 | D:6      | Killed Blork the orc
  6823 | D:6      | Noticed Maggie
  6842 | D:6      | Killed Maggie
  6843 | D:6      | Reached skill level 11 in Unarmed Combat
  7615 | D:7      | Found a staircase to the Ecumenical Temple.
  7633 | Temple   | Entered the Ecumenical Temple
  7787 | Temple   | Became a worshipper of Makhleb the Destroyer
  7787 | Temple   | Reached * piety under Makhleb
  7787 | Temple   | Reached ** piety under Makhleb
  8164 | D:7      | Reached skill level 12 in Unarmed Combat
  8395 | D:8      | Reached skill level 1 in Invocations
  8620 | D:8      | Noticed a two-headed ogre
  8632 | D:8      | Slain by a two-headed ogre

Illustrated notes

Levels and vault maps discovered:
D:1:      psy_arrival_radial02, layout_basic
D:2:      layout_basic, hellmonk_ecumenical_altar_prayer_group, basic_altar,
          chequers_serial_rivers_room_b, supply_closet_lemuel, uniq_robin,
          uniq_natasha
D:3:      kennysheep_six_static_rooms, layout_loops_corners,
          nzn_hepliaklqana_mist_gate, minmay_misc_feat_secret_circle,
          minmay_parallelograms, amcnicky_mini_corridor_feature
D:4:      nicolae_cairo_tiling_large, layout_basic, serial_forest,
          infiniplex_forest_clump_medium, infiniplex_forest_straight_3,
          infiniplex_forest_straight_3, infiniplex_forest_clump_small,
          infiniplex_forest_corner_1, infiniplex_forest_lined_3,
          infiniplex_forest_clump_C, uniq_grinder, uniq_crazy_yiuf_cottage,
          uniq_menkaure
D:5:      layout_rooms, grunt_temple_overflow_open
D:6:      layout_basic, hex_medium, hangedman_feature_mirror,
          uniq_blork_the_orc, uniq_maggie
D:7:      layout_loops_corners, minmay_temple_entry_grid
D:8:      layout_gridville, nzn_random_ring, uniq_grum, uniq_maurice
Temple:   mainiacjoe_temple_coin_purse

Skill      XL: |  1  2  3  4  5  6  7  8  9 |
---------------+----------------------------+-----
Armour         | 1 2 3 5 |  5.2
Dodging        | 3 4 5 |  5.0
Unarmed Combat | 4 5 6 7 9 12 | 12.2
Fighting       | 4 |  4.4
Invocations    | 1 |  1.6
Stealth        | |  2.1

Action                   |  1- 3 |  4- 6 |  7- 9 || total
-------------------------+-------+-------+-------++-------
Melee: Unarmed           |    78 |   200 |   337 ||   615
       Punch             |     2 |     7 |    21 ||    30
Throw: Dart              |       |       |     5 ||     5
  Use: Scroll            |       |       |    17 ||    17
       Potion            |       |       |     1 ||     1
Armor: Chain mail        |    56 |   122 |   171 ||   349
Dodge: Dodged            |    30 |    75 |   138 ||   243

Table legend: (Time is in decaauts)
 A = Elapsed time spent in this place.
 B = Non-inter-level travel time spent in this place.
 C = Inter-level travel time spent in this place.
 D = Time resting spent in this place.
 E = Time spent auto-exploring this place.
 F = Levels seen in this place.
 G = Mean time per level.
                   A        B        C        D        E       F      G
               +--------+--------+--------+--------+--------+-----+--------+
         Total |   8593 |   8059 |    534 |    835 |   5464 |   9 |  954.8 |
       Dungeon |   8375 |   7854 |    521 |    835 |   5282 |   8 | 1046.9 |
        Temple |    217 |    204 |     13 |      0 |    182 |   1 |  217.0 |
               +--------+--------+--------+--------+--------+-----+--------+

Top non-repeatable levels by time:
     D:4: 1627 daAuts
     D:6: 1366 daAuts
     D:2: 1286 daAuts
     D:3: 1057 daAuts
     D:5: 940 daAuts
     D:7: 939 daAuts
     D:1: 934 daAuts
     D:8: 221 daAuts
  Temple: 217 daAuts
